 Dungeon Crawl Stone Soup version 0.30-a0-469-g84de5afbc5 (console) character file.

Game seed: 12647899031269308551

1842169 atomjack the Conqueror (level 26, 242/242 HPs)
             Began as a Demonspawn Fighter on Dec 15, 2022.
             Was a High Priest of Okawaru.
             Escaped with the Orb
             ... and 3 runes on Dec 19, 2022!
             The game lasted 03:49:01 (58242 turns).

atomjack the Conqueror (Demonspawn Fighter)        Turns: 58242, Time: 03:49:01

Health: 242/242    AC: 32    Str: 48      XL:     26   Next: 91%
Magic:  32/32      EV: 13    Int:  6 (10) God:    Okawaru [*****.]
Gold:   2923       SH: 17    Dex: 14 (16) Spells: 25/25 levels left

rFire   + + .      SeeInvis +    a - +8 broad axe (vamp)
rCold   + . .      Faith    +    n - +5 kite shield of Atheism {rPois rC+ Str+5}
rNeg    + + +      Spirit   .    L - +1 plate armour "Pecyhe" {rC- Will+ Regen+ Str+6}
rPois   +          Reflect  .    l - -2 hat of the Alchemist {rElec rPois rF+ rC+ rN+ Will+ rMut rCorr}
rElec   +          Harm     .    M - +2 cloak {Stlth+}
rCorr   +          Rampage  .    q - +2 pair of gloves of the Majestic Slorg {rPois Will+ Dex+4}
rMut    +                        (boots unavailable)
Will    ++++.                    y - amulet "Ypunear" {Faith Fragile rElec rPois rN++}
Stlth   ..........               Z - +6 ring of strength
HPRegen 1.40/turn                T - ring "Vatzou" {rF+ EV+4 Str-2 SInv}
MPRegen 0.23/turn

@: studying Ranged Weapons
A: hooves 3, slimy green scales 3, (demonic guardian 2), powered by pain 3,
black mark, bedeviling, aura of silence, horns 1, strong 2, MP-powered wands
0: Orb of Zot
}: 3/15 runes: decaying, serpentine, silver
a: Renounce Religion, Heroism, Finesse, Duel


You escaped.
You worshipped Okawaru.
Okawaru was extremely pleased with you.
You visited 11 branches of the dungeon, and saw 51 of its levels.
You visited 2 bazaars.
You also visited: Ice Cave, Wizlab and Desolation.

You collected 7652 gold pieces.
You spent 4729 gold pieces at shops.

Inventory:

Hand Weapons
 a - a +8 vampiric broad axe (weapon)
 b - the +7 broad axe "Xypluu Dapn" {elec, rPois}
   (Okawaru gifted it to you on level 2 of the Depths)

   It occasionally discharges a powerful burst of electricity upon striking a
   foe.
   rPois:     It protects you from poison.
 c - the +8 Wrath of Trog {antimagic, *Rage Rampage}
   (You acquired it on level 4 of the Swamp)

   It reduces the magical energy of the wielder, and disrupts the spells and
   magical abilities of those it strikes.
   Natural abilities and divine invocations are not affected.
   It causes slowness and exhaustion when equipped.
   It extends the wielder's berserk rage when killing foes.
   *Rage:     It berserks you when you make melee attacks (+50% chance).
   Rampage:   It bestows one free step when moving towards enemies.
Missiles
 t - 18 boomerangs
 x - 19 curare-tipped darts
 N - 2 silver boomerangs (quivered)
 V - 9 silver javelins
 W - 17 javelins
Armour
 l - the -2 hat of the Alchemist (worn) {rElec rPois rF+ rC+ rN+ Will+ rMut rCorr}
   (You found it on level 2 of the Crypt)

   rF:        It protects you from fire.
   rC:        It protects you from cold.
   rElec:     It insulates you from electricity.
   rPois:     It protects you from poison.
   rN:        It protects you from negative energy.
   rCorr:     It protects you from acid and corrosion.
   rMut:      It protects you from mutation.
   Will:      It increases your willpower.
 n - the +5 kite shield of Atheism (worn) {rPois rC+ Str+5}
   (Okawaru gifted it to you on level 1 of the Vaults)

   Str:       It affects your strength (+5).
   rC:        It protects you from cold.
   rPois:     It protects you from poison.
 q - the +2 pair of gloves of the Majestic Slorg (worn) {rPois Will+ Dex+4}
   (You found it on level 3 of the Dungeon)

   Dex:       It affects your dexterity (+4).
   rPois:     It protects you from poison.
   Will:      It increases your willpower.
 L - the +1 plate armour "Pecyhe" (worn) {rC- Will+ Regen+ Str+6}
   (You bought it in a shop on level 11 of the Dungeon)

   Str:       It affects your strength (+6).
   rC:        It makes you vulnerable to cold.
   Regen:     It increases your rate of health regeneration.
   Will:      It increases your willpower.
 M - a +2 cloak of stealth (worn)
 P - the +1 hat of Bakep {Fly Int-5 Stlth+}
   (You found it on level 3 of the Vaults)

   Int:       It affects your intelligence (-5).
   Fly:       It grants you flight.
   Stlth:     It makes you more stealthy.
Jewellery
 h - a ring of resist corrosion
 j - the ring "Alin" {rC+ rN+ Int+4 Slay+3}
   (You found it in an ice cave)

   [ring of positive energy]

   Int:       It affects your intelligence (+4).
   Slay:      It affects your accuracy & damage with ranged weapons and melee
   (+3).
   rC:        It protects you from cold.
   rN:        It protects you from negative energy.
 k - the ring of Dadoomot {rC+ Int+4 Dex+6 SInv}
   (You found it in the Desolation of Salt)

   [ring of dexterity]

   Int:       It affects your intelligence (+4).
   Dex:       It affects your dexterity (+6).
   rC:        It protects you from cold.
   SInv:      It lets you see invisible.
 y - the amulet "Ypunear" (around neck) {Faith Fragile rElec rPois rN++}
   (You acquired it on level 4 of the Swamp)

   [amulet of faith]

   It allows you to gain divine favour quickly.
   rElec:     It insulates you from electricity.
   rPois:     It protects you from poison.
   rN:        It greatly protects you from negative energy.
   Fragile:   It will be destroyed if unequipped.
 K - the ring "Tuobbih" {+Blink rF++ rN+ Int-2}
   (You bought it in a shop on level 1 of the Snake Pit)

   [ring of positive energy]

   Int:       It affects your intelligence (-2).
   rF:        It greatly protects you from fire.
   rN:        It protects you from negative energy.
   +Blink:    It lets you blink.
 T - the ring "Vatzou" (right hand) {rF+ EV+4 Str-2 SInv}
   (You bought it in a shop on level 1 of the Orcish Mines)

   [ring of evasion]

   EV:        It affects your evasion (+4).
   Str:       It affects your strength (-2).
   rF:        It protects you from fire.
   SInv:      It lets you see invisible.
 Z - a +6 ring of strength (left hand)
Wands
 C - a wand of paralysis (9)
 G - a wand of polymorph (29)
 H - a wand of digging (25)
 I - a wand of acid (31)
 O - a wand of iceblast (40)
Scrolls
 p - 18 scrolls of teleportation
 v - 4 scrolls of poison
 w - 7 scrolls of immolation
 B - 5 scrolls of fear
 D - 6 scrolls of vulnerability
 Q - 8 scrolls of torment
 S - 4 scrolls of blinking
 U - 9 scrolls of fog
 Y - 4 scrolls of magic mapping
Potions
 e - 8 potions of invisibility
 f - 22 potions of curing
 g - 9 potions of haste
 i - 6 potions of heal wounds
 m - 7 potions of ambrosia
 o - 10 potions of magic
 r - 3 potions of berserk rage
 s - 6 potions of lignification
 z - 7 potions of attraction
 A - 6 potions of resistance
 F - 10 potions of might
 J - 6 potions of cancellation
 R - 13 potions of flight
 X - 17 potions of mutation
Miscellaneous
 d - a lightning rod (4/4)
 u - a phial of floods
 E - a tin of tremorstones (2/2)


   Skills:
 O Level 27 Fighting
 - Level 18.0 Axes
 + Level 18.4 Throwing
 - Level 24.1 Armour
 - Level 12.0 Shields
 - Level 13.0 Invocations
 - Level 15.0 Evocations


You had 25 spell levels left.
You didn't know any spells.
Your spell library contained the following spells:

 Spells                   Type           Power      Damage    Failure   Level
 Apportation              Tloc           0%         N/A       91%         1
 Beastly Appendage        Tmut           0%         N/A       91%         1
 Magic Dart               Conj           0%         1d3       91%         1
 Necrotise                Necr           0%         1d4       91%         1
 Blink                    Tloc           0%         N/A       97%         2
 Cigotuvi's Dreadful Rot  Necr/Pois/Air  0%         N/A       97%         2
 Ensorcelled Hibernation  Hex/Ice        0%         N/A       97%         2
 Momentum Strike          Conj/Tloc      0%         3d8       97%         2
 Passwall                 Tmut/Erth      0%         N/A       97%         2
 Poisonous Vapours        Pois/Air       0%         N/A       97%         2
 Searing Ray              Conj           0%         2d4       97%         2
 Sublimation of Blood     Necr           0%         N/A       97%         2
 Wereblood                Tmut           0%         N/A       97%         2
 Dazzling Flash           Conj/Hex       0%         N/A       100%        3
 Frozen Ramparts          Ice            0%         1d1       100%        3
 Ignite Poison            Fire/Tmut/Pois 0%         N/A       100%        3
 Inner Flame              Hex/Fire       0%         N/A       100%        3
 Kindle Blastsparks       Fire/Tloc/Air  0%         2d10      100%        3
 Lesser Beckoning         Tloc           0%         N/A       100%        3
 Mephitic Cloud           Conj/Pois/Air  0%         N/A       100%        3
 Ozocubu's Armour         Ice            0%         N/A       100%        3
 Portal Projectile        Hex/Tloc       0%         N/A       100%        3
 Spider Form              Tmut/Pois      0%         N/A       100%        3
 Stone Arrow              Conj/Erth      0%         3d7       100%        3
 Swiftness                Air            0%         N/A       100%        3
 Vampiric Draining        Necr           0%         2d6       100%        3
 Vhi's Electric Charge    Tloc/Air       0%         N/A       100%        3
 Anguish                  Hex/Necr       0%         N/A       100%        4
 Cause Fear               Hex            0%         N/A       100%        4
 Dispel Undead            Necr           0%         3d6       100%        4
 Flame Wave               Conj/Fire      0%         2d4       100%        4
 Fulminant Prism          Conj/Hex       0%         3d5       100%        4
 Ice Form                 Ice/Tmut       0%         N/A       100%        4
 Iskenderun's Mystic Bla  Conj/Tloc      0%         2d3       100%        4
 Leda's Liquefaction      Hex/Erth       0%         N/A       100%        4
 Manifold Assault         Tloc           0%         N/A       100%        4
 Olgreb's Toxic Radiance  Pois           0%         N/A       100%        4
 Petrify                  Tmut/Erth      0%         N/A       100%        4
 Sticky Flame             Conj/Fire      0%         2d3       100%        4
 Agony                    Necr           0%         N/A       100%        5
 Arcjolt                  Conj/Air       0%         1d10      100%        5
 Blade Hands              Tmut           0%         N/A       100%        5
 Freezing Cloud           Conj/Ice/Air   0%         6-21      100%        5
 Irradiate                Conj/Tmut      0%         3d11      100%        5
 Lee's Rapid Deconstruct  Erth           0%         3d4*      100%        5
 Metabolic Englaciation   Hex/Ice        0%         N/A       100%        5
 Silence                  Hex/Air        0%         N/A       100%        5
 Eringya's Noxious Bog    Tmut/Pois      0%         N/A       100%        6
 Iron Shot                Conj/Erth      0%         9d1       100%        6
 Statue Form              Tmut/Erth      0%         N/A       100%        6
 Dragon Form              Tmut           0%         N/A       100%        7
 Enfeeble                 Hex            0%         N/A       100%        7
 Ozocubu's Refrigeration  Ice            0%         4d7       100%        7
 Storm Form               Tmut/Air       0%         N/A       100%        7
 Ignition                 Fire           0%         3d3       100%        8
 Lehudib's Crystal Spear  Conj/Erth      0%         10d2      100%        8
 Maxwell's Capacitive Co  Air            0%         ∞         100%        8
 Polar Vortex             Ice            0%         N/A       100%        9
 Summon Small Mammal      Summ           Unusable   N/A       N/A         1
 Tukima's Dance           Hex            Unusable   N/A       N/A         3
 Animate Armour           Summ/Erth      Unusable   N/A       N/A         4
 Animate Dead             Necr           Unusable   N/A       N/A         4
 Summon Ice Beast         Ice/Summ       Unusable   N/A       N/A         4
 Summon Forest            Summ/Tloc      Unusable   N/A       N/A         5
 Summon Mana Viper        Hex/Summ       Unusable   N/A       N/A         5
 Simulacrum               Ice/Necr       Unusable   N/A       N/A         6
 Haunt                    Necr/Summ      Unusable   N/A       N/A         7
 Summon Hydra             Summ           Unusable   N/A       N/A         7
 Infestation              Necr           Unusable   N/A       N/A         8

Dungeon Overview and Level Annotations

Branches:
Dungeon (15/15)            Temple (1/1) D:5            Lair (5/5) D:11
  Swamp (4/4) Lair:3        Snake (4/4) Lair:3        Slime (0/5) Lair:4
    Orc (2/2) D:10            Elf (3/3) Orc:2        Vaults (5/5) D:13
  Crypt (3/3) Vaults:2       Tomb (0/3) Crypt:3      Depths (4/4) D:15
    Zot (5/5) Depths:4      IceCv (visited)          WizLab (visited)
Desolation (visited)

Altars:
Ashenzari
Cheibriados
Dithmenos
Fedhas
Gozag
Hepliaklqana
Kikubaaqudgha
Makhleb
Nemelex Xobeh
Okawaru
Qazlal
Ru
Sif Muna
Trog
Uskayaw
Vehumet
Wu Jian
Xom
Yredelemnul
Jiyva

Shops:
D:9 =   D:11 !(=*[   D:12 *   Orc:1 :*=   Orc:2 *(:[:   Elf:3 [   Snake:1 =:=
Snake:2 [   Vaults:1 [(   Vaults:5 [   Depths:4 :(=

Portals:
Hell: Depths:1 Depths:2 Depths:3 Depths:4
Abyss: Depths:1 Depths:2 Depths:3 Depths:4
Pandemonium: Depths:2
Ziggurat: Depths:2

Annotations:
D:4 3 runed translucent doors, OSaftLP's ghost, amateur DsGl
Lair:3 3 runed translucent doors, nujazz's ghost, journeyman FoFi
Swamp:3 Roxanne
Elf:2 3 runed translucent doors, exclusion: 3 doors


Innate Abilities, Weirdness & Mutations

You have hooves in place of feet.
You are completely covered in slimy green scales. (AC +4, rPois)
((A demonic guardian rushes to your aid.))
You are powered by pain.
Your melee attacks may debilitate your foes.
Your hexes are more powerful.
You are surrounded by an aura of silence.
You have a pair of small horns on your head.
Your muscles are very strong. (Str +8, Int/Dex -2)
You expend magic power (3 MP) to strengthen your wands.


Message History

The green death moves out of view.
(D) Dungeon (T) Temple (L) Lair (S) Swamp (P) Snake Pit (M) Slime Pits (O) Orcish Mines (E) Elven Halls (V) Vaults (C) Crypt (W) Tomb (U) Depths (H) Hell (Z) Zot
Where to? (Enter - D:1 @ (x,y), ? - help)
A green death opens the door.
The green death gestures at you. The poison arrow hits you!
You are poisoned.
You partially resist.
You feel sick. The green death gestures at you. The poison arrow hits you.
You are more poisoned.
You partially resist.
You feel very sick.
You feel very sick.
You feel very sick.
You feel sick.
You feel sick.
A Brimstone Fiend comes into view.
You feel sick.
You feel sick.
You feel sick.
There is a stone staircase leading up here.
You feel sick.
You climb upwards.
You feel sick.
You are no longer poisoned.
There is a stone staircase leading down here.
(D) Dungeon (T) Temple (L) Lair (S) Swamp (P) Snake Pit (M) Slime Pits (O) Orcish Mines (E) Elven Halls (V) Vaults (C) Crypt (W) Tomb (U) Depths (H) Hell (Z) Zot
Where to? (Enter - D:1 @ (x,y), ? - help)
You see here a +0 club.
HP restored.
There is an open door here.
There is a staircase leading out of the dungeon here.
You have escaped!

#.#......#.##)##...#.#
#.#.#....#.....#.....####
#.#.################....#
#.....##...#...#...#....#
#.....##.8...8.#.8.'....#
#.....##...#...#...###.##
#......##.###.###.## #>#
#....#.##.# #.# #.# #.###
#.####.##.###.###.##
#...#
#......#...#...#...#
###..
#####.##.@.#.8.#.8.# ###
#.##...#...#...# #
#.###.###.###.## #.# #.#
#.# #.# #.###.###.###.##
#.##...#...#...#
#..'.8.#.8...8.#
####...#...#...#
#############


There were no monsters in sight!

Vanquished Creatures
  2 ancient liches (Zot:5)
  3 dread liches
  5 orbs of fire (Zot:5)
  Khufu (Crypt:3)
  Mennas (Arena)
  Boris (thrice) (Vaults:2 Vaults:4 Vaults:5)
  5 Killer Klowns
  the Lernaean hydra (Swamp:4)
  Vv (Crypt:3)
  Saint Roka (Crypt:1)
  A caustic shrike (Depths:3)
  A curse toe (Zot:4)
  9 golden dragons
  A profane servitor (Crypt:3)
  Jory (Arena)
  Nikola (Swamp:1)
  A bone dragon (Crypt:3)
  A Tzitzimitl (Depths:2)
  2 Brimstone Fiends
  Zenata (Crypt:1)
  5 electric golems
  The ghost of mojasp the Warrior, an adept DsDe of Fedhas (Vaults:3)
  Jorgrun (Orc:1)
  27 Orb Guardians
  2 Hell Sentinels
  2 deep elf blademasters (Elf:3)
  A walking crystal tome (Depths:3)
  12 tentacled monstrosities
  5 quicksilver dragons
  4 titans
  6 liches
  A deep elf master archer (Elf:3)
  The ghost of xsansara the Warrior, an adept MiBe of Trog (Snake:4)
  7 sphinxes
  15 death cobs
  Gastronok (D:10)
  5 ancient champions
  Agnes (Elf:2)
  A thorn hunter (Swamp:3)
  Kirke (Lair:5)
  6 tengu reavers
  17 storm dragons
  4 revenants
  Donald (Vaults:2)
  14 shadow dragons
  3 draconian monks
  7 fire giants
  7 nagarajas
  5 draconian knights
  A demonspawn warmonger (Zot:1)
  5 deep elf sorcerers
  14 vault wardens
  8 frost giants
  An iron dragon (Vaults:4)
  2 draconian stormcallers (Zot:4)
  A ghoul (Crypt:3)
  3 ghost moths
  Louise (Elf:1)
  A spectral caustic shrike (WizLab)
  A caustic shrike zombie (WizLab)
  4 draconian scorchers
  4 deep elf elementalists (Elf:3)
  4 draconian shifters
  4 draconian annihilators
  Aizul (Snake:4)
  29 very ugly things
  2 reapers
  2 spriggan defenders
  12 stone giants
  2 war gargoyles (Vaults:5)
  19 ironbound preservers
  A caustic shrike skeleton (Crypt:2)
  8 ironbound thunderhulks
  11 green draconians
  4 deep elf demonologists
  4 eleionomae
  15 dire elephants
  7 vampire knights
  8 halazid warlocks
  15 black draconians
  4 bunyips
  11 red draconians
  6 yellow draconians
  9 white draconians
  13 deep elf annihilators
  3 spark wasps (Depths:3)
  14 purple draconians
  9 ettins
  4 eidola
  4 crystal guardians
  A quicksilver dragon zombie (WizLab)
  2 mummy priests (Crypt:3)
  A fire dragon (shapeshifter) (Vaults:1)
  2 shambling mangroves
  12 yaktaur captains
  7 deep elf death magi
  11 fire dragons
  18 jiangshi
  3 entropy weavers (Vaults:1)
  7 servants of whispers (Desolation)
  A spectral shadow dragon (Crypt:3)
  14 ragged hierophants (Desolation)
  A salamander tyrant (Snake:4)
  8 ice dragons
  7 great orbs of eyes
  5 deep elf high priests
  4 spriggan air magi
  26 vault guards
  4 rakshasas
  17 hydras
  4 death knights
  2 caustic shrike simulacra (IceCv)
  5 centaur warriors
  8 peacekeepers
  A catoblepas (Lair:4)
  3 ogre magi
  4 ghost crabs
  Erica (Lair:2)
  An Orb Guardian zombie (Crypt:2)
  8 two-headed ogres
  6 boulder beetles
  10 ironbound frosthearts
  7 deep troll shamans
  14 dancing weapons
  14 alligators
  13 anacondas
  15 naga warriors
  A hell hog (Depths:3)
  11 tengu warriors
  2 spriggan berserkers
  11 deep troll earth magi
  5 vampire magi
  4 hell knights (Depths:3)
  A spectral naga (Crypt:3)
  Urug (D:10)
  2 orc high priests
  6 sun demons (Depths:3)
  A titan zombie (WizLab)
  10 naga sharpshooters
  Nergalle (D:10)
  9 shock serpents
  14 deep elf knights
  18 spriggans
  3 salamander mystics
  5 iron trolls
  15 shadow wraiths
  A goliath frog (Swamp:3)
  3 shadow demons (Depths:2)
  A death drake (Swamp:2)
  A bunyip zombie (Crypt:1)
  3 glowing orange brains
  A fire crab (shapeshifter) (Elf:1)
  A sea snake (shapeshifter) (D:15)
  45 deep trolls
  47 skeletal warriors
  A spriggan rider (Depths:3)
  8 flayed ghosts
  14 swamp dragons
  20 bog bodies
  A spriggan simulacrum (IceCv)
  3 obsidian statues
  A fenstrider witch simulacrum (Crypt:1)
  7 lindwurms
  10 wizards
  13 deep elf archers
  An orange crystal statue (Elf:2)
  10 naga ritualists
  A wolf spider zombie (WizLab)
  5 harpies (Vaults:2)
  An iron giant skeleton (Crypt:1)
  8 phantasmal warriors
  A broodmother zombie (Crypt:2)
  A golden dragon skeleton (Crypt:1)
  A tengu zombie (Vaults:3)
  34 deep elf zephyrmancers
  A harpy (shapeshifter) (Depths:3)
  A lindwurm (shapeshifter) (Elf:3)
  27 ironbound convokers
  A wolf spider (Lair:5)
  21 deep elf pyromancers
  7 mana vipers
  15 necromancers
  6 large abominations
  5 orc knights (Orc:2)
  An anaconda skeleton (Crypt:1)
  An oklob plant (Orc:2)
  A wolf spider (shapeshifter) (Vaults:5)
  6 cyclopes
  5 manticores
  A spectral spriggan (WizLab)
  4 tengu skeletons
  3 orc sorcerers
  10 salamanders
  4 will-o-the-wisps
  A shadow dragon skeleton (Vaults:2)
  A goliath frog skeleton (Crypt:2)
  21 moths of wrath
  An elephant (shapeshifter) (Depths:2)
  10 elephants (Lair:5)
  38 ugly things
  13 vault sentinels
  14 guardian serpents
  42 black mambas
  2 eyes of devastation (Depths:3)
  14 naga magi
  A titan simulacrum (Crypt:1)
  2 water nymphs (Swamp:4)
  3 molten gargoyles (Desolation)
  3 stone giant skeletons
  14 cane toads
  4 gargoyles
  21 yaktaurs
  2 dire elephant skeletons (Crypt:1)
  An efreet (D:14)
  2 rime drakes (Lair:5)
  A hellion (Depths:4)
  4 unseen horrors
  A black draconian skeleton (Crypt:1)
  11 komodo dragons
  14 freezing wraiths
  2 ice devils (IceCv)
  A golden dragon simulacrum (IceCv)
  5 human skeletons
  6 anaconda simulacra
  A yaktaur (shapeshifter) (D:14)
  4 tengu conjurers
  A harpy zombie (WizLab)
  4 spectral harpies
  A bloated husk (Swamp:3)
  8 guardian mummies
  6 tyrant leeches
  24 hornets
  A queen bee (Lair:3)
  2 polar bears
  A tarantella (shapeshifter) (Elf:3)
  3 trolls
  A harpy skeleton (Crypt:2)
  10 dream sheep
  10 blink frogs
  70 saltlings (Desolation)
  23 slime creatures
  4 air elementals
  A fire dragon zombie (Crypt:2)
  A jumping spider (shapeshifter) (D:15)
  61 flying skulls
  A centaur simulacrum (Crypt:1)
  A spriggan (shapeshifter) (Elf:2)
  6 shadows
  3 vampires
  4 ettin skeletons
  3 dire elephant simulacra
  12 wyverns
  A ynoxinul (Zot:1)
  12 water elementals
  8 wraiths
  59 yaks
  A yak (shapeshifter) (Vaults:3)
  2 black mamba skeletons (Crypt:1)
  3 fire bats (Depths:3)
  A hog (Lair:5)
  4 humans (Lair:5)
  A fire elemental (Depths:3)
  A steam dragon (Lair:5)
  6 basilisks
  4 golden eyes (D:4)
  An elf zombie (Vaults:3)
  4 redbacks
  14 vampire mosquitoes
  A minotaur simulacrum (IceCv)
  2 chaos spawn (Depths:1)
  12 swamp worms
  A naga zombie (Crypt:2)
  4 harpy simulacra (IceCv)
  6 wargs
  2 elf skeletons
  32 nagas
  5 acid dragons
  3 hydra simulacra (IceCv)
  30 water moccasins
  2 naga skeletons (Crypt:1)
  A cane toad zombie (Crypt:2)
  9 small abominations
  7 swamp drakes (Swamp:4)
  An ogre skeleton (Vaults:2)
  2 ice beasts
  37 orc warriors
  3 sky beasts
  2 black bears (D:11)
  12 wolves
  5 alligator simulacra (IceCv)
  2 ettin simulacra (IceCv)
  8 ogres
  20 centaurs
  A snapping turtle skeleton (Crypt:1)
  4 boggarts (Vaults:1)
  A kobold brigand (D:9)
  2 phantoms
  A rime drake skeleton (Crypt:2)
  17 bullfrogs
  4 necrophages (Crypt:3)
  2 deep troll simulacra (IceCv)
  4 earth elementals
  2 gnoll sergeants
  8 scorpions
  8 wights
  28 killer bees
  2 lindwurm simulacra (IceCv)
  2 electric eels (Lair:3)
  7 howler monkeys
  3 human zombies (Crypt:1)
  A bullfrog skeleton (Crypt:2)
  4 hounds (D:4)
  9 orc priests
  2 jellies
  A gnoll bouda (D:8)
  Terence (D:3)
  18 orc wizards
  14 iguanas
  3 ice beast zombies
  5 mummies (Crypt:1)
  11 gnolls
  7 adders
  A white imp (D:6)
  2 ufetubi
  3 worms
  3 dart slugs
  63 orcs
  8 endoplasms
  4 giant cockroaches
  14 goblins
  11 hobgoblins
  3 jackals (D:4)
  11 kobolds
  A quokka (D:4)
  5 ball pythons
  5 bats
  5 frilled lizards
  A quokka skeleton (Crypt:1)
  5 rats
  A spectral kobold (D:7)
  A plant (Zot:5)
2399 creatures vanquished.

Vanquished Creatures (collateral kills)
  An ogre (D:6)
  A gnoll sergeant (D:6)
  A killer bee (D:7)
  2 adders
  A worm (D:2)
  A ball python (D:2)
7 creatures vanquished.

Vanquished Creatures (others)
  An electric golem (Zot:3)
  A very ugly thing (Depths:2)
  A fire dragon (Zot:4)
  A hydra (Swamp:4)
  A deep elf zephyrmancer (Elf:2)
  A bloated husk (Swamp:4)
  A hornet (Swamp:2)
  2 flying skulls (WizLab)
  A fire bat (Depths:3)
  A naga (Snake:3)
  A lindwurm simulacrum (IceCv)
  An orc wizard (D:6)
  3 bushes
  16 foxfires
  54 fungi
  120 plants
206 creatures vanquished.

Grand Total: 2612 creatures vanquished

Notes
Turn   | Place    | Note
-------+----------+-------------------------------------------
     0 | D:1      | atomjack the Demonspawn Fighter began the quest for the
                  | Orb.
     0 | D:1      | Reached XP level 1. HP: 18/18 MP: 1/1
   145 | D:1      | Gained mutation: A weak demonic guardian rushes to your
                  | aid. [demonic ancestry]
   145 | D:1      | Reached XP level 2. HP: 19/24 MP: 2/2
   767 | D:2      | Reached XP level 3. HP: 29/29 MP: 3/3
  1550 | D:3      | Reached XP level 4. HP: 33/35 MP: 4/4
  1677 | D:3      | Identified the +2 pair of gloves of the Majestic Slorg
                  | {rPois Will+ Dex+4}
  1766 | D:3      | Noticed Terence
  1777 | D:3      | Killed Terence
  1934 | D:3      | Found a faded altar of an unknown god.
  2034 | D:3      | Noticed an ogre
  2041 | D:3      | Killed an ogre
  2042 | D:3      | Gained mutation: You sometimes gain a little power by
                  | taking damage. [demonic ancestry]
  2042 | D:3      | Reached XP level 5. HP: 42/42 MP: 5/5
  2286 | D:4      | Reached skill level 5 in Axes
  2286 | D:4      | Reached XP level 6. HP: 47/48 MP: 6/6
  2711 | D:4      | Found a runed translucent gate.
  2711 | D:4      | Found a runed translucent gate.
  2713 | D:4      | Noticed OSaftLP's ghost (amateur DsGl)
  2714 | D:4      | Found a runed translucent gate.
  2746 | D:4      | Reached skill level 4 in Fighting
  2862 | D:5      | Entered Level 5 of the Dungeon
  2876 | D:5      | Found a stormy altar of Qazlal.
  2918 | D:5      | Gained mutation: A demonic guardian rushes to your aid.
                  | [demonic ancestry]
  2918 | D:5      | Reached XP level 7. HP: 54/54 MP: 7/7
  3256 | D:5      | Found a staircase to the Ecumenical Temple.
  3264 | Temple   | Entered the Ecumenical Temple
  3586 | D:6      | Reached skill level 5 in Fighting
  3586 | D:6      | Reached XP level 8. HP: 40/62 MP: 8/8
  3895 | D:6      | Reached skill level 6 in Fighting
  4028 | D:6      | Gained mutation: You are partially covered in slimy green
                  | scales. (AC +2) [demonic ancestry]
  4028 | D:6      | Reached XP level 9. HP: 69/69 MP: 9/9
  4231 | D:6      | Reached skill level 10 in Axes
  4898 | D:6      | Reached skill level 7 in Fighting
  5149 | D:7      | Found a hazy altar of Hepliaklqana.
  5426 | D:7      | Reached skill level 1 in Evocations
  5589 | D:8      | Identified the +1 leather armour "Ebarorch" {Regen+ SInv}
  6162 | D:8      | Gained mutation: You are mostly covered in slimy green
                  | scales. (AC +3) [demonic ancestry]
  6162 | D:8      | Reached XP level 10. HP: 55/79 MP: 10/10
  6457 | D:8      | Found a hide-covered altar of Uskayaw.
  6588 | D:8      | Found an ancient bone altar of Kikubaaqudgha.
  6776 | D:9      | Identified the +2 chain mail of the Black Skies {rElec
                  | rPois Int-2 Dex-5 Slay+3}
  6907 | D:9      | Found an iron altar of Okawaru.
  6913 | D:9      | Became a worshipper of Warmaster Okawaru
  6963 | D:9      | Found Ecuiphea's Jewellery Shop.
  6971 | D:9      | Bought an amulet of regeneration for 420 gold pieces
  7043 | D:9      | Reached skill level 8 in Fighting
  7060 | D:9      | Reached * piety under Okawaru
  7136 | D:10     | Entered Level 10 of the Dungeon
  7213 | D:10     | Noticed Urug
  7317 | D:10     | Killed Urug
  7317 | D:10     | Reached ** piety under Okawaru
  7427 | D:10     | Noticed Gastronok
  7441 | D:10     | Killed Gastronok
  7441 | D:10     | Reached *** piety under Okawaru
  7442 | D:10     | Gained mutation: You have large cloven feet. [demonic
                  | ancestry]
  7442 | D:10     | Reached XP level 11. HP: 68/87 MP: 11/11
  7449 | D:10     | Noticed Nergalle
  7662 | D:10     | Killed Nergalle
  7663 | D:10     | Reached skill level 9 in Fighting
  7722 | D:10     | Found a burning altar of Makhleb.
  7979 | D:10     | Found a staircase to the Orcish Mines.
  8117 | D:10     | Reached skill level 5 in Evocations
  8140 | D:10     | Found an ornate altar of the Wu Jian Council.
  8200 | D:10     | Reached **** piety under Okawaru
  8564 | D:11     | Found a staircase to the Lair.
  8569 | D:11     | Found Solyt's Distillery.
  8577 | D:11     | Bought a potion of degeneration for 17 gold pieces
  8577 | D:11     | Bought a potion of flight for 51 gold pieces
  8607 | D:11     | Reached ***** piety under Okawaru
  8617 | D:11     | Received a gift from Okawaru
  8762 | D:11     | Found Enael's Antique Weapon Emporium.
  8767 | D:11     | Bought a smoking battleaxe for 368 gold pieces
  8767 | D:11     | Identified the +3 battleaxe of Uskayaw's Supremacy {venom,
                  | rPois Str+3 Int+6} (You bought it in a shop on level 11 of
                  | the Dungeon)
  8815 | D:11     | Found Jicranodgh's General Store.
  8840 | D:11     | Found Oqokig's Antique Armour Shoppe.
  8858 | D:11     | Reached skill level 10 in Fighting
  8871 | D:11     | Identified the +3 chain mail "Geck" {Int+3 Dex+2 Stlth+}
  8905 | D:11     | Found Caghot's Jewellery Shop.
  8951 | D:11     | Got the Compilation of Firn and the Birds
  9048 | D:11     | Identified the +1 buckler of Theory {Str+4} (Okawaru gifted
                  | it to you on level 11 of the Dungeon)
  9048 | D:11     | Received a gift from Okawaru
  9138 | Lair:1   | Entered Level 1 of the Lair of Beasts
  9230 | Lair:1   | Gained mutation: You have hoof-like feet. [demonic
                  | ancestry]
  9230 | Lair:1   | Reached XP level 12. HP: 71/98 MP: 12/12
 10428 | Lair:2   | Reached skill level 15 in Axes
 10663 | Lair:2   | Noticed Erica
 10671 | Lair:2   | Noticed a five-headed hydra
 10888 | Lair:2   | You fall into a shaft and drop 1 floor!
 10899 | Lair:3   | Reached skill level 11 in Fighting
 10948 | Lair:3   | Identified the +1 hat of Purpose {rC+ Dex+5 Slay+3}
                  | (Okawaru gifted it to you on level 3 of the Lair of Beasts)
 10948 | Lair:3   | Received a gift from Okawaru
 11254 | Lair:3   | Found a staircase to the Swamp.
 11331 | Lair:3   | Found a staircase to the Snake Pit.
 11563 | Lair:2   | Killed Erica
 11825 | D:11     | Bought a +0 vampiric war axe for 200 gold pieces
 12142 | Lair:2   | Killed an 11-headed hydra
 12142 | Lair:2   | Reached ****** piety under Okawaru
 12143 | Lair:2   | Gained mutation: You have hooves in place of feet. [demonic
                  | ancestry]
 12143 | Lair:2   | Reached XP level 13. HP: 52/106 MP: 13/13
 12586 | Lair:3   | Found a runed translucent gate.
 12586 | Lair:3   | Found a runed translucent gate.
 12586 | Lair:3   | Found a runed translucent gate.
 12587 | Lair:3   | Noticed nujazz's ghost (journeyman FoFi)
 12890 | Lair:4   | Reached skill level 5 in Invocations
 12936 | Lair:4   | Identified a scroll of acquirement
 12937 | Lair:4   | Acquired the +14 obsidian axe {vorpal, Mesm Drain Fly SInv}
 12937 | Lair:4   | Found the +14 obsidian axe {vorpal, Mesm Drain Fly SInv}
 13011 | Lair:4   | Received a gift from Okawaru
 13522 | Lair:4   | Found a runed translucent door.
 13523 | Lair:4   | Found a viscous altar of Jiyva.
 13525 | Lair:4   | Found a staircase to the Slime Pits.
 13721 | Lair:5   | Entered Level 5 of the Lair of Beasts
 13773 | Lair:5   | Reached skill level 5 in Armour
 13909 | Lair:5   | Noticed Kirke
 13932 | Lair:5   | Killed Kirke
 14410 | Lair:5   | Identified the +2 war axe of Lajiq {pain, Drain +Blink
                  | Will+++ Int+4} (Okawaru gifted it to you on level 5 of the
                  | Lair of Beasts)
 14410 | Lair:5   | Received a gift from Okawaru
 14477 | Lair:5   | Gained mutation: You are completely covered in slimy green
                  | scales. (AC +4, rPois) [demonic ancestry]
 14477 | Lair:5   | Reached XP level 14. HP: 113/113 MP: 20/20
 14713 | Lair:5   | Received a gift from Okawaru
 14879 | Lair:5   | Reached skill level 10 in Armour
 15737 | Lair:5   | Upgraded the game from 0.30-a0-459-g9104f0fc43 to
                  | 0.30-a0-465-g8901f6c8b5
 15883 | Orc:1    | Entered Level 1 of the Orcish Mines
 15938 | Orc:1    | Noticed Jorgrun
 15961 | Orc:1    | Killed Jorgrun
 15961 | Orc:1    | Received a gift from Okawaru
 16016 | Orc:1    | Found Yjaor's Assorted Antiques.
 16161 | Orc:2    | Entered Level 2 of the Orcish Mines
 16535 | Orc:2    | Received a gift from Okawaru
 16680 | Orc:2    | Found a staircase to the Elven Halls.
 16697 | Orc:2    | Found Lesa's General Store.
 16796 | Orc:1    | Found Jicheywn's Jewellery Boutique.
 16850 | Orc:1    | Found a bloodstained altar of Trog.
 16896 | Orc:1    | Found Zoq Piw's Book Boutique.
 17253 | Orc:2    | Found Acoyfaesm's Armour Boutique.
 17253 | Orc:2    | Found Pogepn's Book Shoppe.
 17255 | Orc:2    | Found Cuettaur's Antique Weapon Emporium.
 17257 | Orc:2    | Found Ibloubui's Book Shop.
 17335 | Orc:2    | Bought a potion of haste for 110 gold pieces
 17335 | Orc:2    | Bought a scroll of magic mapping for 82 gold pieces
 17335 | Orc:2    | Bought a scroll of blinking for 82 gold pieces
 17415 | D:12     | Received a gift from Okawaru
 17513 | D:12     | Found Unoalo Moph's Assorted Antiques.
 18576 | Swamp:1  | Entered Level 1 of the Swamp
 18760 | Swamp:1  | Noticed Nikola
 18772 | Swamp:1  | Killed Nikola
 18773 | Swamp:1  | Reached XP level 15. HP: 35/119 MP: 16/21
 18836 | Swamp:1  | Received a gift from Okawaru
 19254 | Swamp:2  | Reached skill level 10 in Invocations
 19439 | Swamp:2  | Received a gift from Okawaru
 20049 | D:11     | Bought the +1 plate armour "Pecyhe" {rC- Will+ Regen+
                  | Str+6} for 739 gold pieces
 20352 | Swamp:3  | Identified the +4 great sword of the Peculiar Dreams
                  | {flame, rElec rC++ Str-5 Dex+3}
 20455 | Swamp:3  | Identified Roxanne's Excursus on Excavation
 20455 | Swamp:3  | Noticed Roxanne
 20500 | Swamp:4  | Entered Level 4 of the Swamp
 20777 | Swamp:3  | Noticed a thorn hunter
 20789 | Swamp:3  | Killed a thorn hunter
 20790 | Swamp:3  | Reached skill level 12 in Fighting
 21107 | Swamp:4  | Received a gift from Okawaru
 21304 | Swamp:4  | Gained mutation: Your hexes are more powerful. [demonic
                  | ancestry]
 21304 | Swamp:4  | Reached XP level 16. HP: 112/129 MP: 19/25
 21335 | Swamp:4  | Noticed the 27-headed Lernaean hydra
 21349 | Swamp:4  | Killed the 27-headed Lernaean hydra
 21497 | Swamp:4  | Reached skill level 13 in Fighting
 21501 | Swamp:4  | Got a decaying rune of Zot
 21836 | Swamp:4  | Received a gift from Okawaru
 21983 | Swamp:4  | Reached skill level 10 in Evocations
 22319 | Swamp:4  | Acquired the +8 Wrath of Trog {antimagic, *Rage Rampage}
 22319 | Swamp:4  | Found the +8 Wrath of Trog {antimagic, *Rage Rampage}
 23148 | D:13     | Identified the +3 ring mail "Kicwah" {*Corrode Slay+4}
                  | (Okawaru gifted it to you on level 13 of the Dungeon)
 23148 | D:13     | Received a gift from Okawaru
 23160 | D:13     | Acquired the amulet "Ypunear" {Faith Fragile rElec rPois
                  | rN++}
 23162 | D:13     | Found a gate to the Vaults.
 23649 | Orc:1    | Bought the ring "Vatzou" {rF+ EV+4 Str-2 SInv} for 750 gold
                  | pieces
 23930 | D:14     | Identified the +8 falchion of Causality {vorpal, *Slow rC+
                  | rN++ rCorr}
 24022 | D:14     | Reached skill level 14 in Fighting
 24022 | D:14     | Reached skill level 1 in Throwing
 24390 | D:14     | Found an opulent altar of Gozag.
 24534 | D:15     | Entered Level 15 of the Dungeon
 24571 | D:15     | Found a staircase to the Depths.
 25064 | D:15     | Reached XP level 17. HP: 140/140 MP: 26/26
 25682 | Snake:1  | Entered Level 1 of the Snake Pit
 25972 | Snake:1  | Received a gift from Okawaru
 26320 | Snake:1  | Found Xuusos's Jewellery Boutique.
 26320 | Snake:1  | Found Gerhoaco's Book Shoppe.
 26332 | Snake:1  | Found Ipeemnok's Jewellery Boutique.
 26463 | Snake:2  | Identified the +1 scale mail of Intense Leaves {SInv}
 26471 | Snake:2  | Identified the +9 trident "Nilyiwku" {drain, *Rage rElec
                  | rCorr Dex+2}
 26505 | Snake:2  | Found Zoetuar's Antique Armour Boutique.
 26674 | Snake:2  | Reached skill level 15 in Fighting
 27024 | Snake:2  | Received a gift from Okawaru
 27205 | Snake:3  | Received a gift from Okawaru
 27522 | Snake:4  | Entered Level 4 of the Snake Pit
 27525 | Snake:4  | Received a gift from Okawaru
 27812 | Snake:4  | Got the Incunabulum of Pollution
 28307 | Snake:4  | Reached skill level 16 in Fighting
 28338 | Snake:4  | Noticed Aizul
 28344 | Snake:4  | Reached skill level 5 in Throwing
 28354 | Snake:4  | Killed Aizul
 28381 | Snake:4  | Received a gift from Okawaru
 28407 | Snake:4  | Reached XP level 18. HP: 151/151 MP: 27/27
 28519 | Snake:4  | Found a runed translucent door.
 28519 | Snake:4  | Noticed xsansara's ghost (adept MiBe)
 28540 | Snake:4  | Killed xsansara's ghost
 28720 | Snake:4  | Received a gift from Okawaru
 28764 | Snake:4  | Reached skill level 15 in Armour
 28831 | Snake:4  | Got a serpentine rune of Zot
 29206 | Vaults:1 | Entered Level 1 of the Vaults
 29306 | Vaults:1 | Found a flickering gateway to a bazaar.
 29322 | Bazaar   | Entered a bazaar
 29338 | Bazaar   | Found Nuggiuwe's Book Shoppe.
 29339 | Bazaar   | Found Uveish's General Store.
 29382 | Bazaar   | Found Fealecs's General Store.
 29382 | Bazaar   | Found Ygivvue's Antique Armour Emporium.
 29423 | Bazaar   | Bought a potion of mutation for 56 gold pieces
 29423 | Bazaar   | Bought a potion of mutation for 56 gold pieces
 29423 | Bazaar   | Bought a +0 helmet of see invisible for 80 gold pieces
 29532 | Vaults:1 | Received a gift from Okawaru
 29687 | Vaults:1 | Found Vehics's Armour Shoppe.
 29716 | Vaults:1 | Identified the +1 pair of gloves of Okawaru's Displeasure
                  | {rElec Int+3 Dex+3} (Okawaru gifted it to you on level 1 of
                  | the Vaults)
 29716 | Vaults:1 | Received a gift from Okawaru
 29721 | Vaults:1 | Reached skill level 17 in Fighting
 30140 | Vaults:1 | Found Lismor's Antique Weapon Shop.
 30277 | Vaults:1 | Identified the +5 kite shield of Atheism {rPois rC+ Str+5}
                  | (Okawaru gifted it to you on level 1 of the Vaults)
 30277 | Vaults:1 | Received a gift from Okawaru
 30439 | Vaults:1 | Identified the +0 robe of the Eternal Fruit {rPois Int+5
                  | Dex-4}
 30720 | Vaults:2 | Gained mutation: Your melee attacks may debilitate your
                  | foes. [demonic ancestry]
 30720 | Vaults:2 | Reached XP level 19. HP: 143/161 MP: 28/28
 30785 | Vaults:2 | Reached skill level 5 in Shields
 30811 | Vaults:2 | Found a staircase to the Crypt.
 31204 | Vaults:2 | Noticed Boris
 31215 | Vaults:2 | Killed Boris
 31280 | Vaults:2 | Noticed Mennas
 31280 | Vaults:2 | Noticed Donald
 31282 | Arena    | Entered the Arena
 31319 | Arena    | Killed Mennas
 31356 | Vaults:2 | Killed Donald
 31522 | Vaults:2 | Identified the +1 helmet of Twilight {Int+2} (Okawaru
                  | gifted it to you on level 2 of the Vaults)
 31522 | Vaults:2 | Received a gift from Okawaru
 32351 | Vaults:3 | Reached skill level 10 in Shields
 32409 | Vaults:3 | Found a runed translucent gate.
 32409 | Vaults:3 | Noticed mojasp's ghost (adept DsDe)
 32421 | Vaults:3 | Found a runed translucent gate.
 32421 | Vaults:3 | Found a runed translucent gate.
 32656 | Vaults:3 | Received a gift from Okawaru
 32800 | Vaults:3 | Noticed Jory
 32801 | Arena    | Entered the Arena
 32816 | Arena    | Killed Jory
 33221 | Vaults:3 | Received a gift from Okawaru
 33346 | Vaults:3 | Reached XP level 20. HP: 167/168 MP: 29/29
 33362 | Vaults:3 | Received a gift from Okawaru
 33484 | Vaults:3 | Received a gift from Okawaru
 33491 | Vaults:3 | Killed mojasp's ghost
 33514 | Vaults:3 | Received a gift from Okawaru
 33539 | Vaults:3 | Identified the +1 hat of Bakep {Fly Int-5 Stlth+}
 33691 | Vaults:4 | Reached skill level 10 in Throwing
 33704 | Vaults:4 | Noticed Boris
 33719 | Vaults:4 | Killed Boris
 33898 | Vaults:4 | Received a gift from Okawaru
 34135 | Vaults:4 | Identified the +1 helmet of Dishonour {Int+5 SInv Stlth-}
                  | (Okawaru gifted it to you on level 4 of the Vaults)
 34135 | Vaults:4 | Received a gift from Okawaru
 34993 | Vaults:5 | Entered Level 5 of the Vaults
 35001 | Vaults:5 | Identified the +1 robe of Pride {rCorr}
 35120 | Vaults:5 | Received a gift from Okawaru
 35120 | Vaults:5 | Found the +5 robe of Night {Dark Will+ SInv}
 35312 | Vaults:5 | Gained mutation: You are surrounded by an aura of silence.
                  | [demonic ancestry]
 35312 | Vaults:5 | Reached XP level 21. HP: 148/174 MP: 30/30
 35406 | Vaults:5 | Noticed a dread lich
 35411 | Vaults:5 | Noticed Boris
 35417 | Vaults:5 | Killed a dread lich
 35425 | Vaults:5 | Killed Boris
 35516 | Vaults:5 | Got the Compilation of Fetid Hexing
 35521 | Vaults:5 | Got the Precepts of Feathers and Hexes
 35540 | Vaults:5 | Noticed a golden dragon
 35548 | Vaults:5 | Killed a golden dragon
 35611 | Vaults:5 | Reached skill level 15 in Throwing
 35694 | Vaults:5 | Received a gift from Okawaru
 35830 | Vaults:5 | Found Ussid's Armour Boutique.
 35916 | Vaults:5 | Noticed a golden dragon
 35927 | Vaults:5 | Killed a golden dragon
 35954 | Vaults:5 | Noticed a golden dragon
 35954 | Vaults:5 | Identified the +5 short sword of Annoyance {speed, rN+}
 35963 | Vaults:5 | Killed a golden dragon
 36052 | Vaults:5 | Received a gift from Okawaru
 36313 | Vaults:5 | Got a silver rune of Zot
 36411 | Vaults:5 | Received a gift from Okawaru
 36842 | Snake:1  | Bought the ring "Tuobbih" {+Blink rF++ rN+ Int-2} for 709
                  | gold pieces
 37042 | Elf:1    | Entered Level 1 of the Elven Halls
 37122 | Elf:1    | Found a frozen archway.
 37134 | IceCv    | Entered an ice cave
 37355 | IceCv    | Found an ancient bone altar of Kikubaaqudgha.
 37578 | IceCv    | Identified the ring "Alin" {rC+ rN+ Int+4 Slay+3}
 37774 | Elf:1    | Noticed Louise
 37788 | Elf:1    | Killed Louise
 37790 | Elf:1    | Identified the +3 plate armour "Roteqemu" {Str+6 Stlth-}
                  | (Okawaru gifted it to you on level 1 of the Elven Halls)
 37790 | Elf:1    | Received a gift from Okawaru
 37860 | Elf:1    | Reached skill level 15 in Evocations
 37982 | Elf:1    | Paralysed by an air elemental for 1 turns
 38144 | Elf:1    | Paralysed by an air elemental for 1 turns
 38339 | Elf:2    | Reached skill level 18 in Fighting
 38365 | Elf:2    | Reached XP level 22. HP: 184/184 MP: 31/31
 38427 | Elf:2    | Found a crumbling gateway.
 38446 | Desolati | Entered the Desolation of Salt
 38636 | Desolati | Identified the +8 demon blade "Onar" {freeze, rCorr}
                  | (Okawaru gifted it to you in the Desolation of Salt)
 38636 | Desolati | Received a gift from Okawaru
 38655 | Desolati | Got the Lectures on the Oath and Mortification
 38666 | Desolati | Got the Volume of Frigid Moulding
 38672 | Desolati | Identified the +3 trident "Ireg" {flame, Contam rElec
                  | rPois}
 38860 | Desolati | Reached skill level 19 in Fighting
 38927 | Desolati | Got Sujooxzo's Grimoire of the Quarry
 39086 | Desolati | Identified a ring of Broken Luck {rF+ rC+ Int+3 Dex+4}
 39104 | Desolati | Received a gift from Okawaru
 39140 | Desolati | Identified the +1 helmet "Vamub" {Dex+5}
 39141 | Desolati | Identified the ring of Dadoomot {rC+ Int+4 Dex+6 SInv}
 39483 | Elf:2    | Found a runed translucent gate.
 39484 | Elf:2    | Found a runed translucent gate.
 39484 | Elf:2    | Found a runed translucent gate.
 39720 | Elf:2    | Got the Tractate on the Lungs and Summoning
 39724 | Elf:2    | Identified the +10 sling of Ruination {vorpal, rN+ rCorr
                  | Stlth+}
 39728 | Elf:2    | Identified the +9 short sword of Fundamental Breach
                  | {freeze, rC+}
 39749 | Elf:2    | Noticed Agnes
 39756 | Elf:2    | Killed Agnes
 39805 | Elf:2    | Received a gift from Okawaru
 39961 | Elf:3    | Entered Level 3 of the Elven Halls
 40019 | Elf:3    | Found Nygaal's Armour Shoppe.
 40026 | Elf:3    | Reached skill level 20 in Fighting
 40584 | Elf:3    | Reached skill level 21 in Fighting
 40721 | Elf:3    | Upgraded the game from 0.30-a0-465-g8901f6c8b5 to
                  | 0.30-a0-469-g84de5afbc5
 40842 | Elf:3    | Identified the +0 pair of gloves of the Hills {Regen+
                  | Int+5} (Okawaru gifted it to you on level 3 of the Elven
                  | Halls)
 40842 | Elf:3    | Received a gift from Okawaru
 41284 | Elf:3    | Identified the +0 plate armour "Hotrunub" {*Corrode rElec
                  | rN+}
 41606 | Elf:3    | Identified the +7 trident of Gueheg {antimagic, Fly Str+4
                  | Dex+3 SInv}
 41612 | Elf:3    | Identified the +8 mace of Floods {vamp, Drain rC+ rN+
                  | Str+6}
 41821 | Elf:3    | Identified the +7 lajatang "Suett" {vorpal, rF+}
 41937 | Elf:3    | Identified the +2 ring mail "Caott" {Rampage}
 41961 | Elf:3    | Identified the +6 trident of Dim Light {vorpal, rF+}
 41985 | Elf:3    | Identified the +3 hand axe of Impeachment {elec, rN+ Str+3}
 42000 | Elf:3    | Reached skill level 22 in Fighting
 42065 | Elf:3    | Identified the +10 lajatang of Osoiqi {vorpal, rElec SInv}
 42065 | Elf:3    | Identified the +1 troll leather armour "Hasuorph" {+Blink
                  | rElec Regen+}
 42065 | Elf:3    | Identified the ring of Xom's Capriciousness {rN+ rCorr
                  | Str+3 Dex-3}
 42075 | Elf:3    | Identified the +1 shortbow of Yfor {flame, Str+2}
 42799 | Depths:1 | Entered Level 1 of the Depths
 42893 | Depths:1 | Reached XP level 23. HP: 203/203 MP: 32/32
 42906 | Depths:1 | Found a magical portal.
 42935 | Depths:1 | Found a flickering gateway to a bazaar.
 42947 | Bazaar   | Entered a bazaar
 42947 | Bazaar   | Found Karheen's Armour Shoppe.
 42947 | Bazaar   | Found Isepiow's Antique Armour Emporium.
 42951 | Bazaar   | Found Uppe's Antique Weapon Shoppe.
 42965 | Bazaar   | Found Jyoxzeux's Distillery.
 42973 | Bazaar   | Bought a potion of heal wounds for 60 gold pieces
 42973 | Bazaar   | Bought a potion of mutation for 96 gold pieces
 42984 | Bazaar   | Bought a sapphire-encrusted ring mail for 153 gold pieces
 42984 | Bazaar   | Identified the +1 ring mail of Dullebb {*Slow Regen+ Int+8
                  | Dex-2} (You bought it in a shop in a bazaar)
 43098 | WizLab   | Entered Borgnjor's Mausoleum
 43160 | WizLab   | Received a gift from Okawaru
 43505 | WizLab   | Reached skill level 23 in Fighting
 43914 | Depths:1 | Found a gateway to Hell.
 44107 | Depths:1 | Found a one-way gate to the infinite horrors of the Abyss.
 44199 | Depths:1 | Found a shimmering altar of Xom.
 44199 | Depths:1 | Found a shimmering altar of Xom.
 44201 | Depths:1 | Found a shimmering altar of Xom.
 44211 | Depths:1 | Found a shimmering altar of Xom.
 44470 | Depths:2 | Found a one-way gate leading to the halls of Pandemonium.
 44520 | Depths:2 | Identified the +7 broad axe "Xypluu Dapn" {elec, rPois}
                  | (Okawaru gifted it to you on level 2 of the Depths)
 44520 | Depths:2 | Received a gift from Okawaru
 44757 | Depths:2 | Found a one-way gateway to a ziggurat.
 44897 | Depths:2 | Found a shadowy altar of Dithmenos.
 44897 | Depths:2 | Found the +2 hood of the Assassin {Detection Stab+ Stlth++}
 45064 | Depths:2 | Identified the +0 robe of the Charred Grue {Str+3 Slay+5}
 45264 | Depths:3 | Reached skill level 24 in Fighting
 45286 | Depths:3 | Received a gift from Okawaru
 45322 | Depths:3 | Received a gift from Okawaru
 45519 | Depths:3 | You fall into a shaft and drop 1 floor!
 45519 | Depths:4 | Entered Level 4 of the Depths
 45788 | Depths:3 | Reached XP level 24. HP: 181/219 MP: 32/32
 45790 | Depths:3 | Identified the +0 chain mail of Exclusion {rN+} (Okawaru
                  | gifted it to you on level 3 of the Depths)
 45790 | Depths:3 | Received a gift from Okawaru
 46173 | Depths:4 | Reached skill level 25 in Fighting
 46228 | Depths:4 | Found Ruaqu's Book Shoppe.
 46231 | Depths:4 | Found Aphab's Weapon Emporium.
 46233 | Depths:4 | Found Juopnod's Jewellery Shoppe.
 46668 | Depths:4 | Found a gate to the Realm of Zot.
 47239 | Crypt:1  | Entered Level 1 of the Crypt
 47470 | Crypt:1  | Noticed Saint Roka
 47494 | Crypt:1  | Killed Saint Roka
 47495 | Crypt:1  | Received a gift from Okawaru
 47562 | Crypt:1  | Acquired a manual of Ranged Weapons
 47663 | Crypt:1  | Received a gift from Okawaru
 47947 | Crypt:1  | Noticed Zenata
 47958 | Crypt:1  | Killed Zenata
 48133 | Crypt:2  | Received a gift from Okawaru
 48352 | Crypt:2  | Reached skill level 26 in Fighting
 48361 | Crypt:2  | Found the -2 hat of the Alchemist {rElec rPois rF+ rC+ rN+
                  | Will+ rMut rCorr}
 48907 | Crypt:3  | Entered Level 3 of the Crypt
 49032 | Crypt:3  | Found a basalt altar of Yredelemnul.
 49441 | Crypt:3  | Noticed Vv
 49463 | Crypt:3  | Killed Vv
 49591 | Crypt:3  | Got Khufu's Essays on Evil Rites
 49761 | Crypt:3  | Identified the +4 scale mail "Zekkuet" {rC+ Will+ Str-3}
                  | (Okawaru gifted it to you on level 3 of the Crypt)
 49761 | Crypt:3  | Received a gift from Okawaru
 49886 | Crypt:3  | Found a staircase to the Tomb.
 49886 | Crypt:3  | Noticed Khufu
 49903 | Crypt:3  | Killed Khufu
 49904 | Crypt:3  | Gained mutation: You sometimes gain power by taking damage.
                  | [demonic ancestry]
 49904 | Crypt:3  | Reached XP level 25. HP: 57/232 MP: 32/32
 50122 | Crypt:3  | Reached skill level 27 in Fighting
 50637 | Zot:1    | Entered Level 1 of the Realm of Zot
 50718 | Zot:1    | Found a transporter.
 50718 | Zot:1    | Noticed a Killer Klown
 51037 | Snake:2  | Bought a smoking plate armour for 700 gold pieces
 51037 | Snake:2  | Identified the +1 plate armour of Zoazumi {*Slow rF+ rC+
                  | Stlth+} (You bought it in a shop on level 2 of the Snake
                  | Pit)
 51866 | Zot:1    | Found a transporter.
 52237 | Zot:1    | Killed a Killer Klown
 52237 | Zot:1    | Received a gift from Okawaru
 52263 | Zot:1    | Identified the amulet of Jutaaz {Spirit Int+4}
 52268 | Zot:1    | Identified the +1 pair of gloves of Wasted Space {MP+9}
 52627 | Zot:2    | Identified the +3 tower shield "Etuon" {rPois rF+ Int-5
                  | Slay+3} (Okawaru gifted it to you on level 2 of the Realm
                  | of Zot)
 52627 | Zot:2    | Received a gift from Okawaru
 54550 | Zot:4    | Gained mutation: You are powered by pain. [demonic
                  | ancestry]
 54550 | Zot:4    | Reached XP level 26. HP: 229/242 MP: 32/32
 54707 | Zot:4    | Identified the +2 helmet "Weclif" {-Tele Harm Stlth+}
                  | (Okawaru gifted it to you on level 4 of the Realm of Zot)
 54707 | Zot:4    | Received a gift from Okawaru
 55660 | Zot:5    | Entered Level 5 of the Realm of Zot
 56070 | Zot:5    | Noticed a dread lich
 56079 | Zot:5    | Killed a dread lich
 56321 | Zot:5    | Noticed an ancient lich
 56321 | Zot:5    | Noticed an ancient lich
 56355 | Zot:5    | Killed an ancient lich
 56411 | Zot:5    | Noticed an orb of fire
 56429 | Zot:5    | Killed an ancient lich
 56436 | Zot:5    | Gained mutation: Armour fits poorly on your strangely
                  | shaped body. [an orb of fire]
 56445 | Zot:5    | Killed an orb of fire
 56515 | Zot:5    | Noticed an orb of fire
 56542 | Zot:5    | Noticed a dread lich
 56548 | Zot:5    | Killed an orb of fire
 56557 | Zot:5    | Killed a dread lich
 56557 | Zot:5    | Received a gift from Okawaru
 57062 | Zot:5    | Lost mutation: Armour fits poorly on your strangely shaped
                  | body. [potion of mutation]
 57146 | Zot:5    | Noticed an orb of fire
 57147 | Zot:5    | Noticed an orb of fire
 57164 | Zot:5    | Killed an orb of fire
 57173 | Zot:5    | Gained mutation: You are vulnerable to heat. (rF-) [an orb
                  | of fire]
 57178 | Zot:5    | Killed an orb of fire
 57189 | Zot:5    | Identified the +10 war axe "Reustra Faiz" {flame, rF+
                  | Str+4} (Okawaru gifted it to you on level 5 of the Realm of
                  | Zot)
 57189 | Zot:5    | Received a gift from Okawaru
 57189 | Zot:5    | Noticed an orb of fire
 57195 | Zot:5    | Gained mutation: You are weak. (Str -2) [an orb of fire]
 57208 | Zot:5    | Killed an orb of fire
 57650 | Zot:5    | Lost mutation: You are weak. (Str -2) [potion of mutation]
 57650 | Zot:5    | Lost mutation: You are vulnerable to heat. (rF-) [potion of
                  | mutation]
 57650 | Zot:5    | Gained mutation: You have a pair of small horns on your
                  | head. [potion of mutation]
 57650 | Zot:5    | Gained mutation: Your muscles are strong. (Str +4, Int/Dex
                  | -1) [potion of mutation]
 57650 | Zot:5    | Gained mutation: Your muscles are very strong. (Str +8,
                  | Int/Dex -2) [potion of mutation]
 57650 | Zot:5    | Gained mutation: You expend magic power (3 MP) to
                  | strengthen your wands. [potion of mutation]
 57656 | Zot:5    | Got the Orb of Zot
 58242 | D:$      | Escaped with the Orb!

Illustrated notes

Levels and vault maps discovered:
D:1:      minmay_arrival_nine_rooms, layout_basic
D:2:      layout_basic, grunt_ministairs_8, minmay_misc_feat_x,
          hangedman_abyss_or_decor_stabs, corexii_leaking_fountain
D:3:      layout_basic, chequers_ecumenical_altar_grove, uniq_terence
D:4:      cheibrodos_greedy_goblins, layout_loops_ring,
          gammafunk_ghost_nasty_kobolds, hangedman_decor_growths
D:5:      layout_cave_pools, nicolae_qazlal_general_emergency, temple_green
D:6:      minmay_polygon_palace, layout_basic
D:7:      layout_gridville, nicolae_hepliaklqana_monster_ancestors
D:8:      layout_basic, mainiacjoe_overflow_concentric_impassable,
          kennysheep_mini, minivault_5, minmay_misc_feat_hallway
D:9:      layout_cross, mainiacjoe_overflow_alcove_2, serial_shops,
          kennysheep_little_box
D:10:     layout_basic, nicolae_wu_jian_glorious_leap, bloody_makhleb,
          minmay_orc_entry_guard_dogs, uniq_nergalle, uniq_urug, uniq_gastronok
D:11:     layout_roguey, minmay_lair_entry_grove, serial_shops, shop,
          nicolae_shop_hallway_plus, shop, shop_fountains, shop
D:12:     layout_loops_corners, serial_shops, nicolae_shop_statue_plus
D:13:     layout_basic, david_vaults_1
D:14:     layout_roguey, chequers_serial_rivers_micro_d,
          nicolae_gozag_seed_capital
D:15:     grunt_enter_depths_giant_problem, layout_stronghold
Temple:   eino_wide_crystal_templ
Lair:1:   layout_layer_cave, grunt_megastairs_1
Lair:2:   layout_regular_city, serial_bayou_pond_c, serial_bayou_shore_b,
          serial_bayou_shore_a, serial_bayou_shore_b, uniq_erica
Lair:3:   layout_roguey [special_room_bee], nicolae_swamp_entry_splash_gauntlet,
          guppyfry_snake_entry_garden, ebering_ghost_rock_garden,
          eino_small_chamber_without_monster, grunt_forest_stairs_basic,
          nicolae_quartered_pool_super
Lair:4:   layout_loops_ring, slime_entry_2
Lair:5:   hangedman_lair_tendril_chambers, layout_layer_cave,
          guppyfry_lair_end_dragon, uniq_kirke
Swamp:1:  nicolae_swamp_ascending_descending_big, layout_basic_swamp,
          hangedman_swamp_lotus, uniq_josephine, uniq_nikola
Swamp:2:  layout_basic_swamp, evilmike_swamp_ruin_house_4, swamp_pool4
Swamp:3:  layout_basic_swamp, nicolae_swamp_well_well_well, swamp_pool4,
          st_swamp_mini, uniq_roxanne
Swamp:4:  grunt_swamp_rune_castle, layout_basic_swamp, swamp_pool2,
          nicolae_swamp_nymph_family_reunion
Snake:1:  layout_misc_corridors, minmay_shop_grove
Snake:2:  layout_rooms, serial_shops, shop, lemuel_fruit_tree
Snake:3:  layout_rooms, minmay_snake_pond
Snake:4:  grunt_snake_rune_serpentine_throne, layout_onion,
          ebering_ghost_reflecting_pool, nicolae_snake_squiggles, uniq_aizul
Orc:1:    layout_caves, serial_shops, nicolae_shop_stone, shop,
          minmay_shop_enchanted_jewellery, trog_butcher_becter, uniq_jorgrun
Orc:2:    st_orc_rangers, layout_caves, serial_shops, shop, mines3_lemuel
Elf:1:    eino_elf_arrival_sip, layout_geoelf_grid,
          portal_ice_cave_entry_pillars_four, minmay_elf_demonology,
          hangedman_corner_corridor, uniq_louise
Elf:2:    nicolae_elf_blades_crystal_corner, layout_geoelf_diagonals,
          portal_desolation_entry_garden, minivault_15,
          nicolae_elevator_lobby_plus, uniq_agnes
Elf:3:    minmay_elf_hall_curves, layout_geoelf_grid, serial_shops,
          nicolae_shop_waterfront, grunt_megastairs_3
Vaults:1: nicolae_vaults_little_squares_6, ontoclasm_vaults_hangar,
          nicolae_vaults_disjoint_gnomons, v_misc_31,
          vaults_room_grunt_arrival_ludios, hangedman_vaults_stretched_pinwheel,
          nicolae_vaults_theta, st_more_cells, hangedman_vaults_trim,
          grunt_vaults_bifocal, vaults_dpeg_encased_lava, v_misc_30,
          layout_vaults_omnibox, serial_shops, bzr_entry_islet, shop,
          nicolae_shop_hallway_stairs
Vaults:2: v_misc_3, hangedman_vaults_stagger, v_alt_pattern_4, vaults_mumra_hex,
          minmay_crypt_entry_skeletal_spiral, ontoclasm_vaults_loading_screen,
          v_misc_24, nicolae_vaults_statue_guard,
          nicolae_vaults_little_squares_1, layout_vaults_omnigrid, uniq_donald,
          uniq_boris, uniq_mennas
Vaults:3: gammafunk_ghost_split, v_misc_28, vaults_mumra_chevron, v_misc_22,
          hangedman_vaults_nails, vaults_room_corners,
          nicolae_vaults_mini_display_case, nicolae_vaults_network_periphery,
          v_pattern_1, st_quartered_hall, ontoclasm_vaults_twist,
          nicolae_vaults_rhombus_7, grunt_vaults_hallway_short,
          layout_vaults_maze, uniq_jory
Vaults:4: vaults_standard_mumra_enter_the_diamond,
          nicolae_vaults_twisting_passages, v_misc_18,
          hangedman_vaults_variations, v_misc_30,
          ontoclasm_vaults_loading_screen, v_pattern_4,
          ontoclasm_vaults_loading_screen, v_misc_16, ontoclasm_vaults_idyll,
          vaults_room_hallway, layout_vaults_omnicross
Vaults:5: serial_shops
Crypt:1:  layout_chaotic_city, lemuel_upstairs_altar,
          grunt_crypt_arrival_guarded_gate, roderic_lattice_octagonal_star,
          uniq_saint_roka, uniq_zenata
Crypt:2:  layout_misc_corridors
Crypt:3:  grunt_crypt_end_deaths_head, uniq_vv, uniq_khufu
Depths:1: layout_gridlike, minmay_room_of_horrors,
          pf_vacation_house_of_asmodeus, mu_enter_wizlab_1, xom_redecorated,
          serial_shops, bzr_entry_lakeside, tso_altar
Depths:2: regret_index_dithmenos_brocken_genspenst, layout_cave_pools,
          enter_ziggurat_a, pan_entry, abyss_entry_crystal, hell_entry,
          infiniplex_staircase_pool_lava
Depths:3: cheibrodos_salmonella, layout_basic, ebering_dispersal_statue_hall,
          abyss_entry_small_statue_room, nicolae_hell_entry_hellmouth_sunbeams
Depths:4: grunt_crosshair, layout_gridlike, abyss_entry, hell_entry,
          serial_sigils_hangedman_writhe, minmay_shop_star
Zot:1:    gammafunk_sealed_arena, layout_basic
Zot:2:    layout_misc_corridors
Zot:3:    grunt_twist_and_shout, layout_cathedral_of_symmetry, st_stairs_2
Zot:4:    nicolae_zot_stationary_front, layout_gridlike
Zot:5:    layout_gridlike, grunt_ministairs_12

Skill      XL: |  1  2  3  4  5  6  7  8  9 10 11 12 13 14 15 16 17 18 19 20 21 22 23 24 25 26 |
---------------+-------------------------------------------------------------------------------+-----
Shields        | 3 4 12 | 12.0
Armour         | 3 8 10 11 13 14 15 17 18 19 22 24 | 24.1
Axes           | 2 3 4 5 6 7 9 11 12 14 16 17 18 | 18.0
Fighting       | 4 5 6 7 8 10 11 12 14 16 17 18 22 24 26 27 | 27.0
Evocations     | 2 4 6 8 9 10 11 12 15 | 15.0
Invocations    | 8 9 13 | 13.0
Throwing       | 2 5 6 7 14 16 18 | 18.4

Action                   |  1- 3 |  4- 6 |  7- 9 | 10-12 | 13-15 | 16-18 | 19-21 | 22-24 | 25-27 || total
-------------------------+-------+-------+-------+-------+-------+-------+-------+-------+-------++-------
Melee: War axe           |   115 |   106 |   334 |   391 |   428 |       |       |       |       ||  1374
       Battleaxe         |       |       |       |   209 |       |       |       |       |       ||   209
       Kick              |       |       |       |       |   366 |   532 |   716 |   940 |   562 ||  3116
       Unarmed           |       |       |       |       |    15 |       |       |       |       ||    15
       Broad axe         |       |       |       |       |   545 |  1178 |  1410 |  1893 |  1125 ||  6151
       Headbutt          |       |       |       |       |       |       |       |       |     9 ||     9
Throw: Dart              |       |       |       |     2 |     3 |       |       |       |       ||     5
       Javelin           |       |       |       |     7 |    21 |     6 |     5 |    10 |    21 ||    70
       Boomerang         |       |       |       |       |       |       |       |       |    10 ||    10
Invok: Heroism           |       |       |       |     3 |     1 |     1 |     1 |     1 |     1 ||     8
       Finesse           |       |       |       |       |    10 |     2 |     8 |    14 |    17 ||    51
       Duel              |       |       |       |       |       |       |     2 |       |       ||     2
Evoke: Wand              |       |       |       |     3 |     4 |     2 |       |       |     3 ||    12
  Use: Scroll            |     4 |       |     6 |     6 |     8 |    21 |     5 |     6 |     3 ||    59
       Potion            |       |     1 |       |     2 |       |     2 |     5 |     2 |     6 ||    18
 Stab: Petrified         |       |       |       |       |     1 |       |       |       |       ||     1
       Distracted        |       |       |       |       |       |     2 |       |     2 |       ||     4
Armor: Scale mail        |    45 |    46 |    25 |       |       |       |       |       |       ||   116
       Ring mail         |       |       |   122 |    14 |       |       |       |       |       ||   136
       Chain mail        |       |       |       |   305 |   519 |       |       |       |       ||   824
       Plate armour      |       |       |       |       |    92 |   765 |   464 |   694 |   544 ||  2559
Dodge: Dodged            |    42 |    47 |   131 |   210 |   331 |   451 |   341 |   495 |   383 ||  2431
Block: Buckler           |    21 |    26 |    86 |    65 |   287 |   363 |       |       |       ||   848
       Kite shield       |       |       |       |       |       |    41 |   934 |  1461 |   853 ||  3289

Table legend: (Time is in decaauts)
 A = Elapsed time spent in this place.
 B = Non-inter-level travel time spent in this place.
 C = Inter-level travel time spent in this place.
 D = Time resting spent in this place.
 E = Time spent auto-exploring this place.
 F = Levels seen in this place.
 G = Mean time per level.
                   A        B        C        D        E       F      G
               +--------+--------+--------+--------+--------+-----+--------+
         Total |  56934 |  50502 |   6432 |   4123 |  32606 |  58 |  981.6 |
       Dungeon |  14575 |  12338 |   2237 |    501 |   9087 |  15 |  971.7 |
        Temple |     61 |     43 |     18 |      0 |     30 |   1 |   61.0 |
          Lair |   7356 |   6161 |   1195 |    395 |   4406 |   5 | 1471.2 |
         Swamp |   3661 |   3307 |    354 |    298 |   2104 |   4 |  915.2 |
     Snake Pit |   3407 |   3134 |    273 |    179 |   2083 |   4 |  851.8 |
  Orcish Mines |   1599 |   1310 |    289 |     12 |    958 |   2 |  799.5 |
   Elven Halls |   3791 |   3526 |    265 |    888 |   1603 |   3 | 1263.7 |
        Vaults |   7197 |   6538 |    659 |    160 |   4367 |   5 | 1439.4 |
         Crypt |   3072 |   2911 |    161 |    320 |   1814 |   3 | 1024.0 |
        Depths |   3813 |   3291 |    522 |    245 |   2150 |   4 |  953.2 |
           Zot |   6313 |   5859 |    454 |   1030 |   3225 |   5 | 1262.6 |
        Bazaar |    167 |    167 |      0 |      0 |    101 |   2 |   83.5 |
      Ice Cave |    541 |    541 |      0 |     33 |    246 |   1 |  541.0 |
        Wizlab |    469 |    469 |      0 |     47 |    138 |   1 |  469.0 |
    Desolation |    838 |    838 |      0 |      0 |    280 |   1 |  838.0 |
         Arena |     65 |     65 |      0 |     14 |     12 |   2 |   32.5 |
               +--------+--------+--------+--------+--------+-----+--------+

Top non-repeatable levels by time:
   Elf:3: 2350 daAuts
   Zot:5: 1933 daAuts
  Lair:5: 1926 daAuts
Vaults:2: 1783 daAuts
  Lair:1: 1668 daAuts
  Lair:3: 1463 daAuts
Vaults:4: 1450 daAuts
     D:6: 1434 daAuts
 Swamp:4: 1431 daAuts
Vaults:5: 1431 daAuts
 Crypt:3: 1407 daAuts
 Snake:4: 1376 daAuts
  Lair:2: 1365 daAuts
    D:11: 1359 daAuts
   Zot:3: 1349 daAuts
